 Dungeon Sprint DCSS version 0.30-a0-719-gcc4359ea44 (webtiles) character file.

Game seed: 6598107405839125508

132 rocky1 the Arsonist (level 9, -19/57 HPs)
             Began as a Demonspawn Fire Elementalist on Jan 27, 2023.
             Was an Initiate of Gozag.
             Demolished by a snapping turtle (24 damage)
             ... in the Dungeon (Sprint VI: "Thunderdome").
             The game lasted 00:08:05 (434 turns).

rocky1 the Arsonist (Demonspawn Fire Elementalist)   Turns: 434, Time: 00:08:06

Health: -19/57     AC:  6    Str: 10    XL:     9   Next: 77%
Magic:  14/22      EV: 13    Int: 34    God:    Gozag
Gold:   261        SH:  0    Dex: 16    Spells: 20/27 levels left

rFire   + + .      SeeInvis .    j - staff of fire
rCold   x . .      Faith    .    (no shield)
rNeg    + . .      Spirit   .    l - +0 robe of the Skies Above {rElec rCorr Stlth+}
rPois   .          Reflect  .    (no helmet)
rElec   +          Harm     .    (no cloak)
rCorr   +          Rampage  .    (no gloves)
Will    +....      NoTele   +    (no boots)
Stlth   ++++                     n - amulet "Xirom" {RegenMP rElec Dex+3}
HPRegen 0.29/turn                p - ring "Mausch" {Fly rF- rN+ Will+ Int+8 Slay-4}
MPRegen 0.58/turn                m - ring "Jymp" {Fire Int+6 Slay-3}

@: mighty, flying
A: claws 2, molten scales 3, powered by pain 1
a: Renounce Religion, Potion Petition, Call Merchant, Bribe Branch


You were in the Dungeon.
You worshipped Gozag.
Gozag was aware of your devotion.
You visited 1 branch You collected 1390 gold pieces.
You spent 1129 gold pieces at shops.

Inventory:

Armour
 a - a +0 robe
 l - the +0 robe of the Skies Above (worn) {rElec rCorr Stlth+}
   (You bought it in a shop in the Dungeon)

   rElec:     It insulates you from electricity.
   rCorr:     It protects you from acid and corrosion.
   Stlth:     It makes you more stealthy.
Magical Staves
 j - a staff of fire (weapon)
Jewellery
 m - the ring "Jymp" (right claw) {Fire Int+6 Slay-3}
   (You bought it in a shop in the Dungeon)

   [ring of fire]

   It enhances your fire magic.
   Int:       It affects your intelligence (+6).
   Slay:      It affects your accuracy & damage with ranged weapons and melee
   (-3).
   rF:        It protects you from fire.
   rC:        It makes you vulnerable to cold.
 n - the amulet "Xirom" (around neck) {RegenMP rElec Dex+3}
   (You bought it in a shop in the Dungeon)

   [amulet of magic regeneration]

   It increases your rate of magic regeneration.
   Dex:       It affects your dexterity (+3).
   rElec:     It insulates you from electricity.
 o - the amulet "Kyre Jusch" {Acrobat Str+3}
   (You bought it in a shop in the Dungeon)

   [amulet of the acrobat]

   It increases your evasion while moving and waiting.
   Str:       It affects your strength (+3).
 p - the ring "Mausch" (left claw) {Fly rF- rN+ Will+ Int+8 Slay-4}
   (You bought it in a shop in the Dungeon)

   [ring of flight]

   Int:       It affects your intelligence (+8).
   Slay:      It affects your accuracy & damage with ranged weapons and melee
   (-4).
   rF:        It makes you vulnerable to fire.
   rN:        It protects you from negative energy.
   Fly:       It grants you flight.
   Will:      It increases your willpower.
Wands
 i - a wand of quicksilver (3)
 q - a wand of digging (3)
Scrolls
 k - 3 scrolls of fog
Potions
 b - 2 potions of magic
 c - a potion of curing
 e - 4 potions of haste
 f - a potion of berserk rage
 h - a potion of resistance


   Skills:
 - Level 3.9 Dodging
 - Level 3.8 Stealth
 + Level 9.8 Spellcasting
 * Level 12.8 Conjurations
 * Level 14.0 Fire Magic
 - Level 1.4 Evocations


You had 20 spell levels left.
You knew the following spells:

 Your Spells              Type           Power      Damage    Failure   Level
a - Foxfire               Conj/Fire      100%       2x1d9     0%          1
b - Scorch                Fire           100%       2d10      0%          2
c - Flame Wave            Conj/Fire      100%       2d21      1%          4

Your spell library contained the following spells:

 Spells                   Type           Power      Damage    Failure   Level
 Inner Flame              Hex/Fire       98%        N/A       1%          3
 Kindle Blastsparks       Fire/Tloc/Air  100%       2d18      1%          3


Dungeon Overview and Level Annotations

Branches:
Dungeon (1/1)

Altars:
Cheibriados
Dithmenos
Fedhas
Gozag
Kikubaaqudgha
Makhleb
Okawaru
Qazlal
Ru
Sif Muna
Trog
Uskayaw
Vehumet
Wu Jian
Xom
Yredelemnul
Lugonu

Shops:
D *[??*?*:[((!!!!


Innate Abilities, Weirdness & Mutations

You have very sharp fingernails.
You are completely covered in molten scales. (AC +4, rF+)
You sometimes gain a little power by taking damage.


Message History

The snapping turtle misses you.
Casting: Scorch (safe; 0% risk of failure)
Press: ? - help, Q - select action, (/) - cycle Dir - look around, f - activate You feel a strong surge of power!
Flames lash the snapping turtle.
The snapping turtle is burned terribly!
The snapping turtle is severely wounded.
The snapping turtle bites you from afar.
* * * LOW HITPOINT WARNING * * *
Casting: Scorch (safe; 0% risk of failure)
Press: ? - help, Q - select action, (/) - cycle Dir - look around, f - activate You feel a strong surge of power!
Flames lash the snapping turtle.
The snapping turtle is burned terribly!
The snapping turtle is severely wounded.
The snapping turtle bites you from afar!
* * * LOW HITPOINT WARNING * * *
You focus on the pain.
You feel very mighty all of a sudden.
Okay, then.
You feel much better. The snapping turtle misses you.
Casting: Scorch (safe; 0% risk of failure)
Press: ? - help, Q - select action, (/) - cycle Dir - look around, f - activate You feel a strong surge of power!
Flames lash the snapping turtle.
The snapping turtle is burned terribly!
The snapping turtle is almost dead.
The snapping turtle bites you from afar!
* * * LOW HITPOINT WARNING * * *
You focus on the pain.
You feel your power returning.
Casting: Scorch (safe; 0% risk of failure)
Press: ? - help, Q - select action, (/) - cycle Dir - look around, f - activate You feel a strong surge of power!
Flames lash the snapping turtle.
The snapping turtle is burned terribly!
The snapping turtle is almost dead.
The snapping turtle closely misses you. The snapping turtle bites you!
* * * LOW HITPOINT WARNING * * *
You barely miss the snapping turtle.
The snapping turtle is almost dead.
The snapping turtle bites you!!
You die...
Your body crumbles into a pile of gold.

##### ##⌠⌠⌠## #.....# ##.....##
##∩.....∩## #∩.......∩#
#_......)_# #_......._#
#_...@..._# ###....t....###
#⌠..[........⌠#
######.8).....[..8.######
##.___.).)..###.........∩##
###∩........8$# #.8........∩##
##.....).......###.............
#⌠..t.....).###...###..........
#⌠..........# #.<.# #..........


You could see a snapping turtle (combustible).

Vanquished Creatures
  3 deep elf zephyrmancers (D)
  3 deep elf pyromancers (D)
  3 merfolk (D)
  Sigmund (D)
  A hound (D)
  Jessica (D)
  An iguana (D)
  Terence (D)
  2 hobgoblins (D)
  2 quokkas (D)
  A rat (D)
19 creatures vanquished.

Vanquished Creatures (others)
  31 foxfires (D)
31 creatures vanquished.

Grand Total: 50 creatures vanquished

Notes
Turn   | Place    | Note
-------+----------+-------------------------------------------
     0 | D        | rocky1 the Demonspawn Fire Elementalist began the quest for
                  | the Orb.
     0 | D        | Reached XP level 1. HP: 13/13 MP: 3/3
     4 | D        | Found a shimmering altar of Xom.
     5 | D        | Found a corrupted altar of Lugonu.
     5 | D        | Found a snail-covered altar of Cheibriados.
     5 | D        | Round 1.
     6 | D        | Found an opulent altar of Gozag.
     6 | D        | Found a shadowy altar of Dithmenos.
     7 | D        | Found a sacrificial altar of Ru.
     7 | D        | Found a basalt altar of Yredelemnul.
     7 | D        | Found Yhil's Magic Scroll Shop.
     7 | D        | Found Dicuim's Staff Store.
     8 | D        | Found Ylyicasm's Magic Scroll Shop.
     8 | D        | Found Usymiczi's Must-Have Magic.
    14 | D        | Became a worshipper of Gozag Ym Sagoz the Greedy
    20 | D        | Noticed Jessica
    24 | D        | Reached skill level 3 in Fire Magic
    25 | D        | Found a hide-covered altar of Uskayaw.
    30 | D        | Killed Jessica
    31 | D        | Reached skill level 4 in Fire Magic
    31 | D        | Gained mutation: You have sharp fingernails. [demonic
                  | ancestry]
    31 | D        | Reached XP level 2. HP: 19/19 MP: 0/6
    55 | D        | Found Woafuink's Jewellery.
    55 | D        | Found Inuugg's Advanced Armour.
    56 | D        | Found a radiant altar of Vehumet.
    56 | D        | Found a shimmering blue altar of Sif Muna.
    56 | D        | Found an ornate altar of the Wu Jian Council.
    56 | D        | Found Nexkynkaru's Identification Station.
    71 | D        | Found an ancient bone altar of Kikubaaqudgha.
    72 | D        | Found a burning altar of Makhleb.
    74 | D        | Found Zohuxo's Premium Goods.
    76 | D        | Found an iron altar of Okawaru.
    76 | D        | Found a blossoming altar of Fedhas.
    76 | D        | Found a stormy altar of Qazlal.
    76 | D        | Found Weve's Weapon Rack.
    78 | D        | Found Pezeff's Miscellaneous Merchandise.
    78 | D        | Found Icocafil's Basic Armour.
    83 | D        | Found a bloodstained altar of Trog.
    84 | D        | Found Sarhun's Do-It-Yourself Clinic.
    86 | D        | Found Luasod's Distillery.
    87 | D        | Found Getoqige's Bottled Wisdom.
    87 | D        | Found Cafa's Distillery.
   110 | D        | Noticed Sigmund
   116 | D        | Killed Sigmund
   117 | D        | Reached skill level 5 in Spellcasting
   117 | D        | Reached skill level 8 in Fire Magic
   117 | D        | Reached skill level 1 in Evocations
   117 | D        | Gained mutation: You are partially covered in molten
                  | scales. (AC +2) [demonic ancestry]
   117 | D        | Reached XP level 3. HP: 12/24 MP: 6/9
   117 | D        | Gained mutation: You have very sharp fingernails. [demonic
                  | ancestry]
   117 | D        | Reached XP level 4. HP: 15/30 MP: 7/11
   117 | D        | Reached XP level 5. HP: 18/35 MP: 7/12
   131 | D        | Arena points: 12 (+12) [x2]
   149 | D        | Bought a distressingly furry robe for 199 gold pieces
   149 | D        | Identified the +0 robe of the Skies Above {rElec rCorr
                  | Stlth+} (You bought it in a shop in the Dungeon)
   165 | D        | Bought an ancient turquoise ring for 45 gold pieces
   165 | D        | Identified the ring "Jymp" {Fire Int+6 Slay-3} (You bought
                  | it in a shop in the Dungeon)
   165 | D        | Bought a fine graven amulet for 45 gold pieces
   165 | D        | Identified the amulet "Xirom" {RegenMP rElec Dex+3} (You
                  | bought it in a shop in the Dungeon)
   165 | D        | Bought a vibrating platinum amulet for 45 gold pieces
   165 | D        | Identified the amulet "Kyre Jusch" {Acrobat Str+3} (You
                  | bought it in a shop in the Dungeon)
   165 | D        | Bought an ancient jade ring for 45 gold pieces
   165 | D        | Identified the ring "Mausch" {Fly rF- rN+ Will+ Int+8
                  | Slay-4} (You bought it in a shop in the Dungeon)
   175 | D        | Learned a level 2 spell: Scorch
   180 | D        | Learned a level 4 spell: Flame Wave
   199 | D        | Round 2.
   200 | D        | Noticed Terence
   204 | D        | Killed Terence
   220 | D        | Arena points: 48 (+36) [x3]
   221 | D        | Gained mutation: You are mostly covered in molten scales.
                  | (AC +3) [demonic ancestry]
   221 | D        | Reached XP level 6. HP: 28/41 MP: 1/14
   270 | D        | Round 3.
   271 | D        | Noticed a deep elf pyromancer
   271 | D        | Noticed a deep elf zephyrmancer
   271 | D        | Noticed a deep elf zephyrmancer
   271 | D        | Noticed a deep elf pyromancer
   276 | D        | Killed a deep elf pyromancer
   277 | D        | Reached skill level 10 in Fire Magic
   277 | D        | Gained mutation: You are completely covered in molten
                  | scales. (AC +4, rF+) [demonic ancestry]
   277 | D        | Reached XP level 7. HP: 16/46 MP: 10/17
   277 | D        | Noticed a deep elf zephyrmancer
   281 | D        | Killed a deep elf zephyrmancer
   282 | D        | Reached skill level 11 in Fire Magic
   282 | D        | Reached XP level 8. HP: 34/52 MP: 7/19
   284 | D        | Noticed a deep elf pyromancer
   285 | D        | Killed a deep elf pyromancer
   286 | D        | Reached skill level 10 in Conjurations
   286 | D        | Reached skill level 12 in Fire Magic
   291 | D        | Killed a deep elf zephyrmancer
   299 | D        | Killed a deep elf pyromancer
   300 | D        | Reached skill level 13 in Fire Magic
   300 | D        | Gained mutation: You sometimes gain a little power by
                  | taking damage. [demonic ancestry]
   300 | D        | Reached XP level 9. HP: 4/57 MP: 8/22
   301 | D        | Killed a deep elf zephyrmancer
   301 | D        | Arena points: 132 (+84) [x4]
   355 | D        | Round 4.
   362 | D        | Bought a staff of fire for 750 gold pieces
   369 | D        | Noticed a merfolk
   382 | D        | Killed a merfolk
   384 | D        | Noticed a merfolk
   394 | D        | Killed a merfolk
   403 | D        | Noticed a merfolk
   415 | D        | Killed a merfolk
   416 | D        | Reached skill level 14 in Fire Magic
   434 | D        | Demolished by a snapping turtle

Illustrated notes

Levels and vault maps discovered:
D:        arena_sprint

Skill      XL: |  1  2  3  4  5  6  7  8  9 |
---------------+----------------------------+-----
Stealth        | 2 3 |  3.8
Fire Magic     | 4 8 10 11 13 14 | 14.0
Dodging        | 2 3 |  3.9
Spellcasting   | 3 5 6 7 9 |  9.8
Evocations     | 1 |  1.4
Conjurations   | 3 7 9 11 12 | 12.8

Action                     |  1- 3 |  4- 6 |  7- 9 || total
---------------------------+-------+-------+-------++-------
  Melee: Staff             |       |       |     1 ||     1
   Cast: Foxfire           |     4 |     4 |    11 ||    19
         Scorch            |       |    12 |    42 ||    54
  Evoke: Wand              |     5 |     2 |       ||     7
    Use: Scroll            |       |       |     4 ||     4
         Potion            |       |       |     5 ||     5
 Armour: Robe              |       |     1 |     2 ||     3
  Dodge: Dodged            |       |     2 |    13 ||    15

Table legend: (Time is in decaauts)
 A = Elapsed time spent in this place.
 B = Non-inter-level travel time spent in this place.
 C = Inter-level travel time spent in this place.
 D = Time resting spent in this place.
 E = Time spent auto-exploring this place.
 F = Levels seen in this place.
 G = Mean time per level.
                   A        B        C        D        E       F      G
               +--------+--------+--------+--------+--------+-----+--------+
         Total |    432 |    432 |      0 |     64 |      0 |   1 |  432.0 |
       Dungeon |    432 |    432 |      0 |     64 |      0 |   1 |  432.0 |
               +--------+--------+--------+--------+--------+-----+--------+

Top non-repeatable levels by time:
       D: 432 daAuts
